 Dungeon Crawl Stone Soup version 0.27.1-1-g398f81649c (webtiles) character file.

Game seed: 5138702317459230287

2167 MisterFreud the Shield-Bearer (level 9, 0/74 HPs)
             Began as a Gnoll Fighter on Sept 15, 2021.
             Was an Elder of Elyvilon.
             Slain by Edmund (4 damage)
             ... on level 6 of the Dungeon.
             The game lasted 00:06:33 (5982 turns).

MisterFreud the Shield-Bearer (Gnoll Fighter)       Turns: 5982, Time: 00:06:34

Health: 0/74       AC:  9    Str: 12    XL:     9   Next: 32%
Magic:  15/15      EV:  9    Int: 16    God:    Elyvilon [****..]
Gold:   305        SH: 10    Dex: 14    Spells: 16/16 levels left

rFire    . . .     SeeInvis +   B - +9 spear of Iwovvoz {vorpal, rPois Str-3 Int+4 Dex+3}
rCold    . . .     Faith    .   c - +0 kite shield
rNeg     . . .     Spirit   .   b - +0 scale mail
rPois    +         Reflect  .   g - +0 helmet
rElec    .         Harm     .   (no cloak)
rCorr    .         Rampage  .   (no gloves)
Will     .....                  (no boots)
Stlth    +.........             u - amulet of the acrobat
HPRegen  0.22/turn              s - ring of see invisible
MPRegen  0.14/turn              (no ring)

@: no status effects
A: fangs 1, strong nose, distributed training
a: Renounce Religion, Lesser Healing, Heal Other, Purification, Greater Healing,
Divine Protection


You were on level 6 of the Dungeon.
You worshipped Elyvilon.
Elyvilon was greatly pleased with you.
You visited 1 branch of the dungeon, and saw 6 of its levels.

You collected 305 gold pieces.

Inventory:

Hand Weapons
 a - a +0 rapier
 f - a +1 dagger of holy wrath
 t - a +2 short sword of venom
 B - the +9 spear of Iwovvoz (weapon) {vorpal, rPois Str-3 Int+4 Dex+3}
   (You found it on level 4 of the Dungeon)

   It inflicts extra damage upon your enemies.
   Str:       It affects your strength (-3).
   Int:       It affects your intelligence (+4).
   Dex:       It affects your dexterity (+3).
   rPois:     It protects you from poison.
Missiles
 l - 18 poisoned darts (quivered)
 q - 4 boomerangs
Armour
 b - a +0 scale mail (worn)
 c - a +0 kite shield (worn)
 g - a +0 helmet (worn)
Jewellery
 s - a ring of see invisible (left hand)
 u - an amulet of the acrobat (around neck)
 F - an amulet of magic regeneration
Wands
 x - a wand of charming (6)
 G - a wand of iceblast (6)
 I - a wand of flame (11)
Scrolls
 h - a scroll of fog {unknown}
 k - 3 scrolls of vulnerability {unknown}
 m - a scroll of immolation {unknown}
 o - 2 scrolls of teleportation {unknown}
 p - 2 scrolls of torment {unknown}
 r - 2 scrolls of noise {unknown}
 v - a scroll of enchant armour {unknown}
 y - 2 scrolls of blinking {unknown}
 z - 2 scrolls of identify {unknown}
 A - a scroll of summoning {unknown}
 C - 2 scrolls of magic mapping {unknown}
 H - a scroll of holy word {unknown}
 J - a scroll of brand weapon {unknown}
Potions
 d - a potion of might
 e - 3 potions of magic {unknown}
 i - a potion of mutation {unknown}
 j - a potion of flight {unknown}
 n - a potion of attraction {unknown}
 w - 4 potions of curing
 D - 2 potions of heal wounds {unknown}
 E - a potion of haste {unknown}


   Skills:
 + Level 7.8 Fighting
 + Level 6.2 Short Blades
 + Level 4.1 Long Blades
 + Level 4.1 Axes
 + Level 4.1 Maces & Flails
 + Level 4.1 Polearms
 + Level 4.1 Staves
 + Level 4.1 Slings
 + Level 4.1 Bows
 + Level 4.1 Crossbows
 + Level 4.1 Throwing
 + Level 7.8 Armour
 + Level 4.1 Dodging
 + Level 4.1 Stealth
 + Level 7.8 Shields
 + Level 4.1 Unarmed Combat
 + Level 4.1 Spellcasting
 + Level 3.4 Conjurations
 + Level 3.4 Hexes
 + Level 3.4 Summonings
 + Level 3.4 Necromancy
 + Level 3.4 Translocations
 + Level 3.4 Transmutations
 + Level 3.4 Fire Magic
 + Level 3.4 Ice Magic
 + Level 3.4 Air Magic
 + Level 3.4 Earth Magic
 + Level 3.4 Poison Magic
 + Level 4.5 Invocations
 + Level 4.1 Evocations


You had 16 spell levels left.
You didn't know any spells.
Your spell library contained the following spells:

 Spells                   Type           Power      Damage    Failure   Level
 Magic Dart               Conj           56%        1d5       38%         1
 Call Imp                 Summ           14%        N/A       54%         2
 Slow                     Hex            14%        N/A       54%         2
 Mephitic Cloud           Conj/Pois/Air  14%        N/A       77%         3
 Spider Form              Tmut/Pois      7%         N/A       77%         3
 Stone Arrow              Conj/Erth      28%        3d8       77%         3
 Animate Armour           Summ/Erth      28%        N/A       99%         4
 Blade Hands              Tmut           7%         N/A       100%        5
 Silence                  Hex/Air        7%         N/A       100%        5
 Lehudib's Crystal Spear  Conj/Erth      7%         10d3      100%        8


Dungeon Overview and Level Annotations

Branches:
Dungeon (6/15)
 Temple: D:4-7

Altars:
Elyvilon
Hepliaklqana
Makhleb
Ru
Sif Muna
Vehumet
Zin
The Shining One

Shops:
D:6 *[

Annotations:
D:3 2 runed translucent doors, Nanban's ghost, amateur DsMo
D:6 Edmund


Innate Abilities, Weirdness & Mutations

You have very sharp teeth.
Your uncanny sense of smell can sniff out nearby items.
Your experience applies equally to all skills.


Message History

You block the iguana's attack.
Edmund hits you with a +6 flail of protection.
The sentinel's mark upon you fades away.
You hit the iguana.
The iguana is lightly wounded.
You block the iguana's attack.
You puncture the iguana! Your bite misses the iguana.
The iguana is severely wounded.
The iguana bites you!
You hit the iguana but do no damage. Your bite misses the iguana.
The iguana is severely wounded.
You block the iguana's attack.
You puncture the iguana!
You kill the iguana!
You hit Edmund.
Edmund is moderately wounded.
You block Edmund's attack.
You hit Edmund.
Edmund is heavily wounded.
Edmund hits you with a +6 flail of protection!
* * * LOW HITPOINT WARNING * * *
Edmund hits you but does no damage.
You puncture Edmund!
Edmund is severely wounded.
Edmund closely misses you.
You barely miss Edmund.
Edmund is severely wounded.
You block Edmund's attack.
You puncture Edmund! You bite Edmund, but do no damage.
Edmund is almost dead.
Edmund hits you with a +6 flail of protection!
* * * LOW HITPOINT WARNING * * *
You hit Edmund.
Edmund is almost dead.
Edmund hits you with a +6 flail of protection!
* * * LOW HITPOINT WARNING * * *
You hit Edmund but do no damage.
Edmund is almost dead.
Edmund hits you with a +6 flail of protection.
You die...

######...#######
#..............# ∆
#.##.......# ###
#.##.......# ... #
##.##.......###.#
##.#####.........[..>..#
.......#..####...#>#†###
.....$....#####.##.....#
..........@@o...#..###.###
..........##.......# #...#
......†#..##....#..# #.#.#
##.#.............#.....#.#
##.##..........#..###.##
#. #.........#.### #.##
...#.###....##.# #.†#
.#.......∩......#####≈.≈ #
#...#####.........≈≈.≈


You could see Edmund and an orc.

Vanquished Creatures
  Pikel (D:4)
  Duvessa (D:6)
  An ice beast (D:6)
  2 sky beasts (D:5)
  4 necrophages
  An ogre (D:5)
  2 lemures (D:4)
  A bullfrog (D:6)
  2 scorpions
  Dowan (D:6)
  A water moccasin skeleton (D:5)
  A howler monkey (D:4)
  A crimson imp (D:5)
  A centaur zombie (D:6)
  3 jellies
  2 orc priests (D:4)
  4 iguanas
  A hound skeleton (D:4)
  Robin (D:2)
  8 adders
  4 gnolls (D:3)
  A river rat (D:3)
  2 ufetubi (D:5)
  An adder skeleton (D:4)
  2 worms
  4 dart slugs
  5 orcs
  7 ball pythons
  2 endoplasms (D:3)
  5 giant cockroaches
  16 goblins
  4 hobgoblins (D:2)
  4 quokkas
  4 bats
  4 frilled lizards
  8 kobolds
  7 rats
119 creatures vanquished.

Notes
Turn   | Place    | Note
-------+----------+-------------------------------------------
     0 | D:1      | MisterFreud the Gnoll Fighter began the quest for the Orb.
     0 | D:1      | Reached XP level 1. HP: 23/23 MP: 1/1
   155 | D:1      | Got Fihi's Guide on Captivating Shape Shifting
   225 | D:1      | Reached XP level 2. HP: 29/29 MP: 2/2
   662 | D:2      | Reached XP level 3. HP: 35/35 MP: 3/3
   666 | D:2      | Found a faded altar of an unknown god.
   737 | D:2      | Became a worshipper of Elyvilon the Healer
   737 | D:2      | Reached * piety under Elyvilon
   985 | D:2      | Reached skill level 1 in Invocations
  1089 | D:2      | Identified the -5 helmet "Jidghon" {Regen+ Dex+4}
  1089 | D:2      | Noticed Robin
  1136 | D:2      | Reached skill level 1 in Long Blades
  1136 | D:2      | Reached skill level 1 in Axes
  1136 | D:2      | Reached skill level 1 in Maces & Flails
  1136 | D:2      | Reached skill level 1 in Polearms
  1136 | D:2      | Reached skill level 1 in Staves
  1136 | D:2      | Reached skill level 1 in Slings
  1136 | D:2      | Reached skill level 1 in Bows
  1136 | D:2      | Reached skill level 1 in Crossbows
  1136 | D:2      | Reached skill level 1 in Throwing
  1136 | D:2      | Reached skill level 1 in Dodging
  1136 | D:2      | Reached skill level 1 in Stealth
  1136 | D:2      | Reached skill level 1 in Unarmed Combat
  1136 | D:2      | Reached skill level 1 in Spellcasting
  1136 | D:2      | Reached skill level 1 in Evocations
  1155 | D:2      | Killed Robin
  1156 | D:2      | Reached XP level 4. HP: 25/41 MP: 5/5
  1655 | D:3      | HP: 2/41 [poisoned by an orc]
  2041 | D:3      | Reached skill level 1 in Conjurations
  2041 | D:3      | Reached skill level 1 in Hexes
  2041 | D:3      | Reached skill level 1 in Summonings
  2041 | D:3      | Reached skill level 1 in Necromancy
  2041 | D:3      | Reached skill level 1 in Translocations
  2041 | D:3      | Reached skill level 1 in Transmutations
  2041 | D:3      | Reached skill level 1 in Fire Magic
  2041 | D:3      | Reached skill level 1 in Ice Magic
  2041 | D:3      | Reached skill level 1 in Air Magic
  2041 | D:3      | Reached skill level 1 in Earth Magic
  2041 | D:3      | Reached skill level 1 in Poison Magic
  2260 | D:3      | Reached XP level 5. HP: 47/47 MP: 6/6
  2500 | D:3      | Reached ** piety under Elyvilon
  2523 | D:3      | Found a runed translucent door.
  2829 | D:3      | Found a runed translucent door.
  2831 | D:3      | Noticed Nanban's ghost (amateur DsMo)
  3016 | D:4      | Reached XP level 6. HP: 37/53 MP: 8/8
  3170 | D:4      | Noticed Pikel
  3206 | D:4      | Killed Pikel
  3207 | D:4      | Reached skill level 5 in Short Blades
  3207 | D:4      | Reached XP level 7. HP: 23/60 MP: 8/10
  3517 | D:4      | Reached *** piety under Elyvilon
  3728 | D:4      | Reached XP level 8. HP: 33/67 MP: 12/12
  4149 | D:4      | Identified the +9 spear of Iwovvoz {vorpal, rPois Str-3
                  | Int+4 Dex+3}
  4285 | D:4      | Found a glowing silver altar of Zin.
  4339 | D:5      | Entered Level 5 of the Dungeon
  4979 | D:5      | Found a sacrificial altar of Ru.
  5102 | D:5      | Found a hazy altar of Hepliaklqana.
  5237 | D:5      | Reached **** piety under Elyvilon
  5381 | D:5      | Reached XP level 9. HP: 66/72 MP: 14/14
  5456 | D:5      | Found a shimmering blue altar of Sif Muna.
  5625 | D:5      | Found a burning altar of Makhleb.
  5625 | D:5      | Found a radiant altar of Vehumet.
  5660 | D:5      | Found a glowing golden altar of the Shining One.
  5736 | D:6      | Found Paell's Armour Boutique.
  5751 | D:6      | Noticed Duvessa
  5759 | D:6      | Killed Duvessa
  5761 | D:6      | Noticed Dowan
  5773 | D:6      | Killed Dowan
  5875 | D:6      | Found Wenezx Foso's General Store.
  5956 | D:6      | Noticed Edmund
  5981 | D:6      | HP: 3/74 [Edmund (9)]
  5982 | D:6      | Slain by Edmund

Illustrated notes

Levels and vault maps discovered:
D:1:      dpeg_arrival_pits, layout_rooms
D:2:      layout_basic, chequers_ecumenical_altar_simple, uniq_robin
D:3:      layout_loops_cross, portal_sewer_entry_b, ebering_ghost_sewer_f
D:4:      layout_cave_pools, lemuel_doored_altar, uniq_pikel
D:5:      kb_forest_paths, layout_basic, mainiacjoe_overflow_six_doors_small,
          mainiacjoe_overflow_tiny_flanked, amcnicky_altar_gilded,
          kennysheep_little_box, grunt_temple_overflow_lords_of_destruction
D:6:      layout_loops_ring, minmay_temple_entry_trees, serial_shops, shop,
          shop, nicolae_shop_waterfront, kennysheep_mini_moat, uniq_edmund,
          uniq_duvessa

Skill      XL: |  1  2  3  4  5  6  7  8  9 |
---------------+----------------------------+-----
Invocations    | 1 2 3 4 |  4.5
Long Blades    | 1 2 3 4 |  4.1
Axes           | 1 2 3 4 |  4.1
Maces & Flails | 1 2 3 4 |  4.1
Polearms       | 1 2 3 4 |  4.1
Staves         | 1 2 3 4 |  4.1
Slings         | 1 2 3 4 |  4.1
Bows           | 1 2 3 4 |  4.1
Crossbows      | 1 2 3 4 |  4.1
Throwing       | 1 2 3 4 |  4.1
Dodging        | 1 2 3 4 |  4.1
Stealth        | 1 2 3 4 |  4.1
Unarmed Combat | 1 2 3 4 |  4.1
Spellcasting   | 1 2 3 4 |  4.1
Evocations     | 1 2 3 4 |  4.1
Conjurations   | 1 2 3 |  3.4
Hexes          | 1 2 3 |  3.4
Summonings     | 1 2 3 |  3.4
Necromancy     | 1 2 3 |  3.4
Translocations | 1 2 3 |  3.4
Transmutations | 1 2 3 |  3.4
Fire Magic     | 1 2 3 |  3.4
Ice Magic      | 1 2 3 |  3.4
Air Magic      | 1 2 3 |  3.4
Earth Magic    | 1 2 3 |  3.4
Poison Magic   | 1 2 3 |  3.4
Fighting       | 7 |  7.8
Short Blades   | 5 6 |  6.2
Armour         | 7 |  7.8
Shields        | 7 |  7.8

Action                   |  1- 3 |  4- 6 |  7- 9 || total
-------------------------+-------+-------+-------++-------
Melee: Rapier            |   147 |    25 |       ||   172
       Bite              |    14 |    12 |    30 ||    56
       Short sword       |       |   112 |   173 ||   285
       Dagger            |       |       |     9 ||     9
       Spear             |       |       |    71 ||    71
Armor: Scale mail        |    66 |    30 |    66 ||   162
Dodge: Dodged            |    40 |    27 |    44 ||   111
Block: Kite shield       |    74 |    48 |   111 ||   233
